Cogmind - Beta 15 @@@ ROGUE MODE // 2025.06.22 @ 12:06:02 Player: LameThyst Result: Destroyed by GL-J8C(z) with Makeshift Axe Performance ------------- Evolutions (3) 1500 Regions Visited (9) 1800 Robots Destroyed (54) 270 Value Destroyed (1781) 1781 Prototype IDs (9) 180 Alien Tech Used (0) 0 Bonus (331) 331 TOTAL SCORE: 5862 Bonus ------- Follower Combat Kills 534 Friendly Fire -203 Cogmind --------- Core Integrity 0/700 Matter 246/300 Energy 100/100 System Corruption 3% Temperature Cool (0) Movement Core (350) Ox6 Location -7/Zion Parts ------- > --- POWER (1) -------- (None) > --- PROPULSION (5) --- (None) > --- UTILITY (4) ------ Large Storage Unit > --- WEAPON (3) ------- (None) > --- INVENTORY (15) --- Carbon-fiber Leg VSS Leg Improved Heat Sink High-capacity Battery (250) High-capacity Matter Pod (200) 0b10 Decoder Chip [Scout] Target Analyzer Transmission Jammer Shock Rifle Gatling Laser Advanced Beam Cannon Heavy Ion Cannon Grenade Launcher Mini Grenade Launcher Remote Datajack Peak State ------------ > --- POWER ------------ Deuterium Engine > --- PROPULSION ------- Aluminum Leg Aluminum Leg Titanium Leg Titanium Leg VSS Leg > --- UTILITY ---------- Large Storage Unit Advanced Signal Interpreter Experimental Signal Interpreter Experimental Armor Integrity Analyzer > --- WEAPON ----------- Gauss Rifle Flak Cannon Chainsword > --- INVENTORY -------- Carbon-fiber Leg VSS Leg Improved Heat Sink High-capacity Battery High-capacity Matter Pod 0b10 Decoder Chip [Scout] Target Analyzer Transmission Jammer Shock Rifle Gatling Laser Advanced Beam Cannon Heavy Ion Cannon Grenade Launcher Mini Grenade Launcher Remote Datajack [Rating: 53] Favorites ----------- Power Deuterium Engine Engine Deuterium Engine Power Core Light Nuclear Core Propulsion Titanium Leg Leg Titanium Leg Wheel Wheel Utility Large Storage Unit Device Improved Sensor Array Storage Large Storage Unit Processor Improved Signal Interpreter Protection Makeshift Light Armor Plating Weapon Improved Light Cannon Energy Gun Beamcaster Energy Cannon Advanced Beam Cannon Ballistic Gun Gauss Rifle Ballistic Cannon Improved Light Cannon Launcher Mini Grenade Launcher Slashing Weapon Chainsword Build | -11 -10 -10 -9 -9 -8 -8 -7 -7 -7 ------- Run | Yrd Mat Min Mat Min Mat Sto Fac Low Zio Slots Evolved 6 | . . . 2 . 2 . 2 . . Power . | . . . . . . . . . . Propulsion 3 | . . . 1 . 1 . 1 . . Utility 2 | . . . 1 . 1 . . . . Weapon 1 | . . . . . . . 1 . . Parts Attached 76 | 8 4 2 11 1 10 22 5 8 5 Power 7 | 2 . . 1 . 1 2 . 1 . Engine 5 | 2 . . . . 1 1 . 1 . Core 2 | . . . 1 . . 1 . . . Reactor . | . . . . . . . . . . Propulsion 24 | 3 . 1 2 1 4 9 . 4 . Treads . | . . . . . . . . . . Leg 20 | . . . 2 1 4 9 . 4 . Wheel 4 | 3 . 1 . . . . . . . Hover . | . . . . . . . . . . Flight . | . . . . . . . . . . Utility 21 | 1 3 . 4 . 4 3 . 1 5 Device 4 | . 1 . 1 . 2 . . . . Storage 8 | 1 2 . 2 . . 3 . . . Processor 7 | . . . 1 . 1 . . . 5 Hackware . | . . . . . . . . . . Protection 2 | . . . . . 1 . . 1 . Artifact . | . . . . . . . . . . Weapon 24 | 2 1 1 4 . 1 8 5 2 . Energy Gun 5 | . . . . . . 4 1 . . Energy Cannon 6 | . . . 3 . . 1 2 . . Ballistic Gun 5 | 2 . 1 . . . . 2 . . Ballistic Cannon 5 | . 1 . 1 . . 2 . 1 . Launcher 2 | . . . . . 1 1 . . . Special Weapon . | . . . . . . . . . . Impact Weapon . | . . . . . . . . . . Slashing Weapon 1 | . . . . . . . . 1 . Piercing Weapon . | . . . . . . . . . . Special Melee Weapon . | . . . . . . . . . . Unidentified Prototypes 9 | . . . 1 . 1 3 . . 4 Parts Lost 13 | . . . 1 . . . . 5 7 Power 2 | . . . . . . . . 1 1 Propulsion 7 | . . . 1 . . . . 2 4 Utility 2 | . . . . . . . . . 2 Weapon 2 | . . . . . . . . 2 . Highest Loss Streak 7 | . . . 1 . . . . 4 7 To Critical Strikes . | . . . . . . . . . . Average Backups 13 | 3 9 9 13 14 13 14 13 14 14 Power . | . 1 1 . 1 1 1 1 . . Propulsion 1 | 1 2 1 . . . 2 2 2 2 Utility 4 | . 3 4 5 5 5 2 3 4 5 Weapon 6 | . 2 3 7 7 7 7 7 7 6 Tool/Special . | . . . . . . . . . . Unused Backups 30 | 4 4 3 2 4 1 2 . 2 8 Power 2 | . . 1 . . . . . 1 . Propulsion 4 | 4 . . . . . . . . . Utility 14 | . 2 2 1 2 . 1 . 1 5 Weapon 9 | . 2 . 1 2 1 1 . . 2 Tool/Special 1 | . . . . . . . . . 1 Average Slot Usage (%) 95 | . 97 100 92 93 85 95 99 98 94 Engine 6 | . 14 14 4 . 4 6 7 6 6 Core 2 | . . . 6 11 4 2 . . . Leg 28 | . . . 11 26 30 34 38 37 35 Wheel 4 | . 28 28 15 . . . . . . Device 8 | . . 14 11 11 8 9 7 7 4 Storage 12 | . 24 14 11 11 9 14 15 10 7 Processor 7 | . . . 10 11 9 9 7 7 12 Protection 1 | . . . . . 1 1 . 4 3 Energy Gun 2 | . . . . . . 8 3 . . Energy Cannon 4 | . . . 9 11 6 2 3 4 . Ballistic Gun 4 | . 21 14 1 . . . 6 5 6 Ballistic Cannon 7 | . 6 14 11 11 9 4 7 6 6 Slashing Weapon 1 | . . . . . . . . 4 6 Peak Build Rating 53 | 6 8 8 15 17 36 36 40 45 53 Average Rating 28 | 5 7 8 13 15 30 31 38 40 42 On Entrance 18 | . 6 8 8 15 17 26 29 40 39 Naked Turns . | . . . . . . . . . . Heaviest Build 54 | 14 22 22 34 34 48 43 50 54 47 Greatest Support 78 | 26 26 26 36 30 45 66 78 78 66 Greatest Overweight (x) 6 | 3 . . 3 1 1 . . 1 6 Average Overweight (x) . | . . . . 1 . . . . . Largest Inventory Capacity 15 | 8 10 10 15 15 15 15 15 15 15 Average Capacity 14 | 7 9 10 14 15 15 15 15 15 15 Most Carried 15 | 8 10 10 15 15 15 15 15 15 15 Average Carried 13 | 3 9 9 13 14 13 14 13 14 14 Final Capacity 15 | 8 10 10 15 15 15 15 15 15 15 Final Carried 15 | 8 10 10 14 15 13 15 15 14 15 Class Distribution -------------------- 63% | Mutant 20% | Skirmisher 13% | Commander-Mutant Dominant Class ---------------- Mutant | -10/Materials Mutant | -10/Mines Mutant | -9/Materials Mutant | -9/Mines Scavenger-Mutant | -8/Materials Commander-Mutant | -8/Storage Skirmisher | -7/Factory Mutant | -7/Lower Caves Mutant | -7/Zion Resources | -11 -10 -10 -9 -9 -8 -8 -7 -7 -7 ----------- Run | Yrd Mat Min Mat Min Mat Sto Fac Low Zio Matter Collected 2161 | 284 77 244 267 112 57 633 . 487 . Remotely . | . . . . . . . . . . Salvage Created 1828 | 102 76 184 226 88 205 563 . 369 15 Parts 106 | 8 3 15 17 6 12 30 . 12 3 Haulers Intercepted 5 | . . . . . . 5 . . . Recyclers Shooed 3 | 1 . . . . . 2 . . . Parts Field Recycled . | . . . . . . . . . . Retrieved Matter . | . . . . . . . . . . Parts Self-Destructed 12 | . . . . . . . . 12 . Prevented . | . . . . . . . . . . Kills | -11 -10 -10 -9 -9 -8 -8 -7 -7 -7 ------- Run | Yrd Mat Min Mat Min Mat Sto Fac Low Zio Combat Hostiles Destroyed 41 | . 2 9 6 2 6 8 . 8 . Melee 3 | . . . . . . . . 3 . Guns 8 | . 2 5 . . . . . 1 . Cannons 18 | . . 4 6 2 2 . . 4 . AOE 12 | . . . . . 4 8 . . . Classes Destroyed 11 | 2 1 1 1 . . 3 . 2 1 Worker 2 | 2 . . . . . . . . . Hauler 5 | . . . . . . 5 . . . Recycler 2 | 1 . . . . . 1 . . . Mechanic 2 | . . . . . . 2 . . . Swarmer 6 | . . 6 . . . . . . . Grunt 27 | . 2 3 5 . 5 6 . 6 . Brawler 1 | . . . . . . 1 . . . Duelist 1 | . . . . . . . . 1 . Sentry 5 | . . . 1 2 1 1 . . . Programmer 1 | . . . . . . . . 1 . Zionite 1 | . . . . . . . . . 1 Thug 1 | . . . . . . 1 . . . Best Kill Streak 9 | 2 2 6 3 2 3 9 . 4 1 Combat Bots Only 7 | . 2 6 3 2 3 7 . 4 . Max Kills in Single Turn 5 | 1 1 2 1 1 2 5 . 1 1 Gunslinging . | . . . . . . . . . . Exploded 5 | . . . . . 1 5 . . . Melee 1 | . . . . . . . . 1 . Uniques/NPCs Destroyed . | . . . . . . . . . . Combat | -11 -10 -10 -9 -9 -8 -8 -7 -7 -7 -------- Run | Yrd Mat Min Mat Min Mat Sto Fac Low Zio Hostile Shots Fired 257 | . 8 39 16 8 17 36 . 68 65 Missed 68 | . 1 4 6 2 8 11 . 15 21 Hits 189 | . 7 35 10 6 9 25 . 53 44 Melee 39 | . . . . . . 3 . 4 32 Projectile 150 | . 7 35 10 6 9 22 . 49 12 Critical Strikes 15 | . . . 1 2 . 1 . 4 7 Damage Taken 3722 | . 78 389 122 89 221 652 . 919 1252 Core 927 | . 34 114 10 . . 61 . 55 653 Absorbed by Shields . | . . . . . . . . . . Regen/Repaired (Parts) 124 | . . . . . . 124 . . . Core Remaining (%) 81 | 100 . 40 . 97 . 88 . . . Volleys Fired 100 | 11 4 20 15 4 13 17 . 14 2 Largest 2 | 2 2 2 2 2 2 2 . 2 2 Hottest 130 | 40 50 50 101 101 101 130 . 98 65 Shots Fired 199 | 22 8 40 30 8 26 33 . 28 4 Gun 67 | 22 4 20 1 . . 7 . 10 3 Cannon 114 | . 4 20 29 8 22 12 . 18 1 Launcher 18 | . . . . . 4 14 . . . Special . | . . . . . . . . . . Kinetic 139 | 22 8 40 17 4 13 7 . 24 4 Thermal 42 | . . . 13 4 9 12 . 4 . Explosive 18 | . . . . . 4 14 . . . Electromagnetic . | . . . . . . . . . . Robot Hit Streak 10 | 6 9 10 7 6 3 7 . 5 8 Robot Miss Streak 5 | 5 . 3 2 1 2 3 . 4 4 Penetration Max 1 | . . . . . . . . . 1 Secondary Targets . | . . . . . . . . . . Shots Hit Robots 141 | 13 4 25 19 6 13 22 . 31 8 Core Hits 100 | 4 3 13 7 2 13 39 . 17 2 Critical Kills . | . . . . . . . . . . Critical Parts Destroyed . | . . . . . . . . . . Critical Strikes 4 | . . . 1 . 1 . . 2 . Blast 2 | . . . 1 . 1 . . . . Sever 2 | . . . . . . . . 2 . Melee Attacks 21 | . . . . . . . . 16 5 Impact . | . . . . . . . . . . Slashing 21 | . . . . . . . . 16 5 Piercing . | . . . . . . . . . . Sneak Attacks . | . . . . . . . . . . Combat Hostiles . | . . . . . . . . . . Follow-up Attacks . | . . . . . . . . . . Damage Inflicted 4390 | 159 58 394 362 124 523 1670 . 811 289 Guns 706 | 159 40 204 . . . 105 . 136 62 Cannons 1364 | . 18 190 362 124 231 126 . 275 38 Explosions 1731 | . . . . . 292 1439 . . . Melee 588 | . . . . . . . . 400 188 Ramming 1 | . . . . . . . . . 1 Kinetic 1509 | 159 58 394 179 62 147 106 . 304 100 Thermal 561 | . . . 183 62 84 125 . 107 . Explosive 1731 | . . . . . 292 1439 . . . Electromagnetic . | . . . . . . . . . . Impact . | . . . . . . . . . . Slashing 588 | . . . . . . . . 400 188 Piercing . | . . . . . . . . . . Highest Corruption 8 | . . . 4 4 . 8 . 1 3 Average Corruption 4 | . . . 4 4 . 5 . 1 2 Corruption Purged . | . . . . . . . . . . Corruption Blocked . | . . . . . . . . . . Effects 29 | . . . 6 8 . 13 . . 2 Message Errors 4 | . . . 2 2 . . . . . Matter Fused 8 | . . . 1 3 . 3 . . 1 Heat Flow Errors 4 | . . . 1 2 . 1 . . . Energy Discharges 3 | . . . . . . 3 . . . Parts Rejected 1 | . . . . . . 1 . . . Data Loss (minor) 4 | . . . . . . 4 . . . Data Loss (major) 1 | . . . . 1 . . . . . Misfires 2 | . . . 1 . . . . . 1 Alerts 1 | . . . . . . 1 . . . Weapon Failures 1 | . . . 1 . . . . . . Overload Shots . | . . . . . . . . . . Overflow Damage 44 | . . . . . 8 19 . 17 . Projectiles . | . . . . . . . . . . Explosions 27 | . . . . . 8 19 . . . Melee 17 | . . . . . . . . 17 . Knockbacks 11 | . . . 2 . 4 1 . 2 2 Impact . | . . . . . . . . . . Kinetic 11 | . . . 2 . 4 1 . 2 2 Secondary . | . . . . . . . . . . Self-Inflicted Damage 261 | . . . . . 19 242 . . . Shots 11 | . . . . . 1 10 . . . Rammed 2 | . . . . . . . . . 2 Targets Rammed 2 | . . . . . . . . . 2 Kicked . | . . . . . . . . . . Crushed . | . . . . . . . . . . Highest Temperature 278 | . 8 35 275 278 216 92 . 56 2 Average Temperature 63 | . 3 15 98 105 84 32 . 27 1 Received Heat Transfer 1161 | . 42 165 81 63 81 180 . 405 144 Siege Activations . | . . . . . . . . . . Martial Activations . | . . . . . . . . . . Shielding Activations . | . . . . . . . . . . Robots Disrupted . | . . . . . . . . . . Combat Hostiles . | . . . . . . . . . . Robots Corrupted . | . . . . . . . . . . Combat Hostiles . | . . . . . . . . . . Parts Fried . | . . . . . . . . . . Impact Corruptions . | . . . . . . . . . . Robots Melted . | . . . . . . . . . . Combat Hostiles . | . . . . . . . . . . Parts Melted 3 | . . . 1 . . . . 2 . Heat Transferred 962 | . . . 333 111 148 222 . 148 . Parts Sabotaged . | . . . . . . . . . . Parts Stolen . | . . . . . . . . . . Parts Stripped . | . . . . . . . . . . Power Chain Reactions . | . . . . . . . . . . Alert | -11 -10 -10 -9 -9 -8 -8 -7 -7 -7 ------- Run | Yrd Mat Min Mat Min Mat Sto Fac Low Zio Maximum Alert Level 2 | . . . . . . 2 1 . . Low Security (%) 74 | 100 100 100 100 100 100 24 90 . . Level 1 21 | . . . . . . 62 9 . . Level 2 3 | . . . . . . 12 . . . Level 3 . | . . . . . . . . . . Level 4 . | . . . . . . . . . . Level 5 . | . . . . . . . . . . High Security . | . . . . . . . . . . Max Security . | . . . . . . . . . . Peak Influence 530 | 10 40 140 101 40 91 530 216 . . Initial 216 | . . 9 46 4 . 29 216 . . Average 118 | 1 8 63 49 5 34 264 118 . . Influence Increases 1938 | 15 46 220 166 40 189 1049 . 213 . Destroy 0b10 Robot/C 1140 | . 40 180 120 40 120 460 . 180 . Destroy 0b10 Robot/NC 55 | 15 . . . . . 40 . . . Destroy Leader 250 | . . 40 30 . 30 120 . 30 . Allied During Kill 266 | . . . . . 3 260 . 3 . Successful Hack 32 | . 5 . . . . 27 . . . Disable Machine 105 | . . . 15 . 15 75 . . . Destroy Structure 75 | . 1 . 1 . 21 52 . . . Partial Spotted 15 | . . . . . . 15 . . . Influence Decreases 1938 | 15 21 125 274 52 118 644 458 231 . Entered New Map 408 | . . 16 74 8 . 42 260 8 . Time Decay 1157 | 15 21 109 190 44 60 352 198 168 . Lost Part 50 | . . . 10 . . . . 40 . Lost Ally 173 | . . . . . 58 100 . 15 . Purge Threat 150 | . . . . . . 150 . . . Squads Dispatched 10 | . 1 . 1 . 1 6 1 . . Investigation 2 | . . . . . . 1 1 . . Extermination . | . . . . . . . . . . Reinforcement 4 | . 1 . 1 . 1 1 . . . Assault 2 | . . . . . . 2 . . . Garrison 2 | . . . . . . 2 . . . Intercept . | . . . . . . . . . . Searches Triggered . | . . . . . . . . . . Construction Impeded . | . . . . . . . . . . Haulers Reinforced . | . . . . . . . . . . Active Scanning Responses . | . . . . . . . . . . Cargo Convoy Interrupts . | . . . . . . . . . . Stealth | -11 -10 -10 -9 -9 -8 -8 -7 -7 -7 --------- Run | Yrd Mat Min Mat Min Mat Sto Fac Low Zio Distress Signals 8 | . . . 2 . 2 4 . . . Communications Jammed . | . . . . . . . . . . Distress Signals . | . . . . . . . . . . Times Spotted 84 | . 2 11 9 2 13 24 . 9 14 Peak Tracking Total 11 | . 3 6 4 2 5 8 . 4 11 Tactical Retreats 3 | . . 2 . . . . . . 1 Traps | -11 -10 -10 -9 -9 -8 -8 -7 -7 -7 ------- Run | Yrd Mat Min Mat Min Mat Sto Fac Low Zio Traps Triggered 4 | . . . . . . 4 . . . Indirectly . | . . . . . . . . . . Trap Hack Attempts . | . . . . . . . . . . Triggered . | . . . . . . . . . . Disarmed . | . . . . . . . . . . Reprogrammed . | . . . . . . . . . . Reused . | . . . . . . . . . . Traps Extracted . | . . . . . . . . . . Installed . | . . . . . . . . . . Triggered . | . . . . . . . . . . Machines | -11 -10 -10 -9 -9 -8 -8 -7 -7 -7 ---------- Run | Yrd Mat Min Mat Min Mat Sto Fac Low Zio Machines Disabled 8 | . . . 1 . 1 5 . . 1 Max in Single Turn 1 | . . . 1 . 1 1 . . 1 Machines Repaired . | . . . . . . . . . . Machines Dismantled . | . . . . . . . . . . Machines Sabotaged . | . . . . . . . . . . Overloaded Fab Kills . | . . . . . . . . . . Hacking | -11 -10 -10 -9 -9 -8 -8 -7 -7 -7 --------- Run | Yrd Mat Min Mat Min Mat Sto Fac Low Zio Machines Accessed 15 | . 1 . . 1 . 10 1 2 . Terminals 11 | . 1 . . . . 8 1 1 . Fabricators . | . . . . . . . . . . Repair Stations 2 | . . . . . . 2 . . . Recycling Units . | . . . . . . . . . . Scanalyzers . | . . . . . . . . . . Garrison Access . | . . . . . . . . . . Total Hacks 34 | . 3 . . 1 . 26 2 2 . Successful 21 | . 1 . . 1 . 16 1 2 . Failed 13 | . 2 . . . . 10 1 . . Catastrophic 2 | . 1 . . . . 1 . . . Database Lockouts . | . . . . . . . . . . Manual 1 | . . . . . . . . . 1 Terminals 20 | . 3 . . . . 14 2 1 . Fabricators . | . . . . . . . . . . Repair Stations 12 | . . . . . . 12 . . . Recycling Units . | . . . . . . . . . . Scanalyzers . | . . . . . . . . . . Garrison Access . | . . . . . . . . . . Terminal Hacks 12 | . 1 . . 1 . 7 1 2 . Record 2 | . . . . . . . 1 1 . Part Schematic 1 | . . . . . . 1 . . . Open Door 4 | . . . . 1 . 2 . 1 . Alert Level 1 | . . . . . . 1 . . . Unreport Threat 1 | . . . . . . 1 . . . Extermination Status 1 | . . . . . . 1 . . . Hauler Manifests 1 | . . . . . . 1 . . . Zone Layout 1 | . 1 . . . . . . . . Fabricator Hacks . | . . . . . . . . . . Repair Station Hacks 9 | . . . . . . 9 . . . Scan Component 5 | . . . . . . 5 . . . Repair 4 | . . . . . . 4 . . . Recycling Unit Hacks . | . . . . . . . . . . Scanalyzer . | . . . . . . . . . . Garrison Access Hacks . | . . . . . . . . . . Unauthorized Hacks . | . . . . . . . . . . Terminals . | . . . . . . . . . . Fabricators . | . . . . . . . . . . Repair Stations . | . . . . . . . . . . Recycling Units . | . . . . . . . . . . Scanalyzers . | . . . . . . . . . . Garrison Access . | . . . . . . . . . . Data Cores Recovered . | . . . . . . . . . . Used . | . . . . . . . . . . Hacking Detections 9 | . 1 . . . . 7 1 . . Full Trace Events 2 | . 1 . . . . 1 . . . Feedback Events . | . . . . . . . . . . Feedback Blocked . | . . . . . . . . . . Robot Schematics Acquired . | . . . . . . . . . . Robots Built . | . . . . . . . . . . Authchips . | . . . . . . . . . . Time . | . . . . . . . . . . Total Robot Build Rating . | . . . . . . . . . . Part Schematics Acquired 1 | . . . . . . 1 . . . Parts Built . | . . . . . . . . . . Authchips . | . . . . . . . . . . Time . | . . . . . . . . . . Total Part Build Rating . | . . . . . . . . . . Parts Repaired 4 | . . . . . . 4 . . . Time 122 | . . . . . . 122 . . . Parts Recycled . | . . . . . . . . . . Recycled Matter . | . . . . . . . . . . Retrieved Matter . | . . . . . . . . . . Retrieved Components . | . . . . . . . . . . Parts Scanalyzed . | . . . . . . . . . . Part Schematics Acquired . | . . . . . . . . . . Parts Damaged . | . . . . . . . . . . Bothacking | -11 -10 -10 -9 -9 -8 -8 -7 -7 -7 ------------ Run | Yrd Mat Min Mat Min Mat Sto Fac Low Zio Used RIF Installer . | . . . . . . . . . . Robots Hacked . | . . . . . . . . . . Non-combat . | . . . . . . . . . . Combat . | . . . . . . . . . . Robot Hacks Applied . | . . . . . . . . . . Relay Couplers Released . | . . . . . . . . . . Fabnet Peak Effective % . | . . . . . . . . . . Robots Rewired . | . . . . . . . . . . Allies Hacked . | . . . . . . . . . . Hacks Repelled . | . . . . . . . . . . Allies | -11 -10 -10 -9 -9 -8 -8 -7 -7 -7 -------- Run | Yrd Mat Min Mat Min Mat Sto Fac Low Zio Total Allies 12 | . . . . . . 12 . . . Largest Group 10 | . . . . . . 10 3 3 . Highest-Rated Group 173 | . . . . . . 173 61 61 . Highest-Rated Ally 31 | . . . . . . 31 29 29 . Total Orders . | . . . . . . . . . . Ally Attacks 144 | . . . . . . 131 . 13 . Total Damage 1798 | . . . . . . 1601 . 197 . Kills 16 | . . . . . . 15 . 1 . Allies Corrupted . | . . . . . . . . . . Allies Melted 1 | . . . . . . . . 1 . Intel | -11 -10 -10 -9 -9 -8 -8 -7 -7 -7 ------- Run | Yrd Mat Min Mat Min Mat Sto Fac Low Zio Active Infowar (turns) 2976 | . 15 228 397 296 35 658 406 804 137 Sensors 2705 | . . . 369 296 35 658 406 804 137 ECM 271 | . 15 228 28 . . . . . . Robot Analysis Total . | . . . . . . . . . . Derelict Logs Recovered 1 | . . . . . . . . . 1 Drone Launches 16 | . . . . . 16 . . . . Drone Recoveries . | . . . . . . . . . . Exploration | -11 -10 -10 -9 -9 -8 -8 -7 -7 -7 ------------- Run | Yrd Mat Min Mat Min Mat Sto Fac Low Zio Turns Passed 3623 | 125 140 228 397 296 175 806 406 804 246 Spaces Moved 2197 | 74 114 147 210 144 65 460 267 540 176 Core 6 | 5 . . . . . . . . 1 Treads . | . . . . . . . . . . Legs 1751 | . . . 100 144 65 460 267 540 175 Wheels 440 | 69 114 147 110 . . . . . . Hover . | . . . . . . . . . . Flight . | . . . . . . . . . . Fastest Speed 50 | 50 80 90 86 190 120 90 120 113 118 Average Speed 122 | 90 89 90 144 190 162 113 120 119 119 Slowest Speed 350 | 200 90 90 330 190 190 127 120 190 350 Overloaded Moves . | . . . . . . . . . . Propulsion Burnouts . | . . . . . . . . . . Robots Hopped . | . . . . . . . . . . Potential Cave-ins . | . . . . . . . . . . Cave-ins Triggered . | . . . . . . . . . . Exploration Rate (%) 30 | 4 24 34 21 45 25 55 7 68 25 Regions Visited 9 Branch Regions 5 Pre-discovered Areas 2 | . . 1 . . . . . . 1 Known Exits Taken 6 | . . . 1 1 1 1 1 1 . Unknown Exits Taken 3 | 1 1 1 . . . . . . . Scrap Searched 7 | . . 1 . 3 . . . 3 . Spaces Dug . | . . . . . . . . . . Terrain Destroyed 72 | . . . 1 . 24 47 . . . Melee . | . . . . . . . . . . Projectile 3 | . . . 1 . 2 . . . . AOE 69 | . . . . . 22 47 . . . Terrain Rammed . | . . . . . . . . . . Walls Destroyed . | . . . . . . . . . . Machines Disabled . | . . . . . . . . . . Actions | -11 -10 -10 -9 -9 -8 -8 -7 -7 -7 --------- Run | Yrd Mat Min Mat Min Mat Sto Fac Low Zio Total 2909 | 109 145 205 278 161 110 705 351 647 198 Wait 338 | . 10 22 13 3 11 152 74 51 2 Move 2188 | 73 113 146 209 143 64 459 266 539 176 Hop . | . . . . . . . . . . Pick Up 80 | 12 7 7 14 5 4 19 4 7 1 Fast Attach 26 | 6 1 . 4 1 1 6 . 3 4 Attach 18 | . 1 . 1 . 3 7 3 3 . Detach 4 | . 1 . 1 . . . . . 2 Swap 61 | 2 3 3 7 . 7 27 3 7 2 Drop 71 | 5 5 7 14 5 7 18 1 7 2 Fire 100 | 11 4 20 15 4 13 17 . 14 2 Melee 21 | . . . . . . . . 16 5 Ram 2 | . . . . . . . . . 2 Kick . | . . . . . . . . . . Crush . | . . . . . . . . . . Escape Stasis . | . . . . . . . . . . Rewire . | . . . . . . . . . . Trap . | . . . . . . . . . . Miscellaneous . | . . . . . . . . . . Route ------- -11/Scrapyard -10/Materials -10/Mines -9/Materials -9/Mines -8/Materials -8/Storage -7/Factory -7/Lower Caves (discovered 2 exits: [*Low] / *Zio) -7/Zion History --------- Turn | Location | Event 28 | -11/Scrapyard | Discovered new exit (range 14) 126 | -11/Scrapyard | Entered Materials 254 | -10/Materials | Discovered new exit (range 16) 266 | -10/Materials | Entered Mines 267 | -10/Mines | Learned location of Storage (-8) 338 | -10/Mines | Build established: Mutant 339 | -10/Mines | YI-UF0 nonchalantly dropped a Grenade Launcher on the ground 399 | -10/Mines | Core integrity fell below 50% 429 | -10/Mines | Discovered new exit (range 10) 494 | -10/Mines | Entered Materials 494 | -9/Materials | Evolved 2 slots: Propulsion x1, Utility x1 852 | -9/Materials | Discovered new exit (range 12) 890 | -9/Materials | Identified exit to Mines 891 | -9/Materials | Entered Mines 1036 | -9/Mines | Discovered new exit (range 5) 1118 | -9/Mines | Found the Drone Emporium 1125 | -9/Mines | Found Prototype Device 1185 | -9/Mines | Identified exit to Materials 1187 | -9/Mines | Entered Materials 1187 | -8/Materials | Evolved 2 slots: Propulsion x1, Utility x1 1188 | -8/Materials | Identified Decoy Drone Bay 1242 | -8/Materials | Discovered new exit (range 24) 1305 | -8/Materials | Lost 9 allies 1361 | -8/Materials | Identified exit to Storage 1362 | -8/Materials | Entered Storage 1370 | -8/Storage | Met a pair of Derelict thieves 1471 | -8/Storage | Destroyed 7 combat bots 1656 | -8/Storage | Assisted by bots powering up and referring to "LRC-V3" 1929 | -8/Storage | Repaired Grenade Launcher 1960 | -8/Storage | Build established: Commander-Mutant 1967 | -8/Storage | Repaired VSS Leg 1994 | -8/Storage | Repaired Grenade Launcher 2059 | -8/Storage | Garrison activated, responded to threat 2131 | -8/Storage | Repaired Mni. Grenade Launcher 2140 | -8/Storage | Discovered new exit (range 10) 2152 | -8/Storage | Identified exit to Factory 2168 | -8/Storage | Entered Factory 2168 | -7/Factory | Accompanied by 3 allies 2168 | -7/Factory | Evolved 2 slots: Propulsion x1, Weapon x1 2191 | -7/Factory | Lost 3 allies 2464 | -7/Factory | Build established: Skirmisher 2557 | -7/Factory | Discovered new exit (range 7) 2563 | -7/Factory | Identified exit to Lower Caves 2574 | -7/Factory | Entered Lower Caves 2574 | -7/Lower Caves | Accompanied by 3 allies 2830 | -7/Lower Caves | Entered a destroyed Warlord outpost 3009 | -7/Lower Caves | Lost 3 allies 3167 | -7/Lower Caves | Lost 4 parts (2n2w) 3201 | -7/Lower Caves | Build established: Mutant 3363 | -7/Lower Caves | Encountered a Warlord checkpoint 3369 | -7/Lower Caves | Discovered new exit (range 7) 3370 | -7/Lower Caves | A Derelict revealed a hidden shortcut to a safe place 3376 | -7/Lower Caves | Identified exit to Zion 3378 | -7/Lower Caves | Entered Zion 3404 | -7/Zion | Received a hallucinogenic algorithm 3404 | -7/Zion | Ran a hallucination algorithm 3422 | -7/Zion | System corruption cleaned by Quarantine Array 3464 | -7/Zion | Learned location of Extension (-6) 3506 | -7/Zion | Found Prototype Processor 3506 | -7/Zion | Identified Exp. Target Analyzer 3511 | -7/Zion | Found Prototype Processor 3511 | -7/Zion | Identified Exp. Armor Integrity Analyzer 3515 | -7/Zion | Found Prototype Processor 3515 | -7/Zion | Identified Exp. Signal Interpreter 3518 | -7/Zion | Found Prototype Processor 3518 | -7/Zion | Identified Exp. Targeting Computer 3522 | -7/Zion | Attacked by Zionites 3618 | -7/Zion | Core integrity fell below 50% 3623 | -7/Zion | Core integrity fell below 20% 3624 | -7/Zion | Destroyed by GL-J8C(z) with Makeshift Axe Last Messages --------------- 03613_ PB-8PF(z) overheating. 03613_ Aluminum Leg destroyed. 03613_ Exp. Targeting Computer destroyed. 03614_ PB-8PF(z) overheating. 03614_ Gauss Rifle severed. 03615_ PB-8PF(z) overheating. 03615_ Adv. Signal Interpreter destroyed. 03616_ PB-8PF(z) overheating. 03616_ Chainsword severed. 03617_ Exp. Armor Integrity Analyzer severed. 03619_ PB-8PF(z) heat short circuits Mak. Leg. 03620_ PB-8PF(z) heat damages core (-4). 03620_ Slammed into 0F-0G8(z). 03621_ PB-8PF(z) pulls a Mak. Laser out of the Twisted Machinery. 03622_ Critical hit (Burn: +37). 03623_ PB-8PF(z) pulls a Mak. Hammer out of the Twisted Machinery. 03623_ Slammed into KN-C1S(z). 03624_ PB-8PF(z) heat spikes uncontrollably. Map ----- +----------------------------------------------------+ | ?????????????????????????????????????????????????? | | ?????????????????????????????????????????????????? | | ?????????????????????????????????????????????????? | | ?????????????????????????????????????????????????? | | ?????????????????????????????????????????????????? | | ?????????????????? ??????????????????????????????? | | ?????????????????? ??????????????????????????????? | | ????????????????? ?????????????????????????????? | | ????????????????? ?????????????????????????????? | | ???????????????? ???? ???????????????????????? | | ???????????????? " ???? ??????????????????????? | | ??????????????? """"" ?????????????????????? | | ????????????""""" """"" ??????????????????????? | | ??????? "#?#""""" ??????????????????????? | | ??"??? """##""""" ??????????????????????? | | ?? """"""""" ?????????????????????? | | ?? """ "" """?????????????????????? | | ? """" ""##????????????????????? | | ? """ """###??????????????????? | | ? #"" ""#"#??????????????????? | | ? #"" """###????????????????? | | ????? """#"" "" """#"#????????????????? | | ????????"""""" """"####?????????????? | | ????????"#"#"" z """"""#?????????????? | | ???????????#"" zzz "" ""##????????????? | | ???????????#" z@z """#????????????? | | ???????????##"" z " zz ""#?????????????? | | ???????????#"#" """ z """#????????????? | | ???????????#""" """"""z """#?????????????? | | ???????????#""" """"""" """"#?????????????? | | ???????????#"#" """#"#" ""#"##?????????????? | | ???????????###" """#"" """##??????????????? | | ????????????#"" "##"" ""#"#???#####???????? | | ????????????#"" "#""""""""##???# "######### | | ???????????#"#" ""##"#""####???# """""""""" | | ???????????##"" ""####"""#"##### """""""""" | | ????????????#"""" """##"""""""# | | ????????????#"""" """"" | | ????????????##"" "" | | ????????????##" """# | | ????????????#"" """#### """""""""" | | ????????????##"" """#??# """""""""" | | ?????????????##"" ""##??# "######### | | ??????????????#"" """#??#####???????? | | ????????#######"" ""#"?????????????# | | ???????## # !###" " """#????????????# | | ???????#!! ! !#"" " ""#????????????# | | ???????## !! !#"" " "##????????????# | | ????????##!!"###" "" """?????????????? | | ???????##" # ###" "" """?????????????? | +----------------------------------------------------+ Best States ------------- Heat Dissipation 34 Energy Generation 18 Energy Capacity 550 Matter Stores 300 Matter Capacity 400 Sight Range 16 Robot Scan Range 15 Terrain Scan Density 10 ECM Strength 1 Armor Coverage 150 Evasion (%) 55 Targeting Accuracy 12 Armor Integrity Analysis 50 Item Schematics ----------------- Arm. Huge Wheel | -8/Storage | Hacked Robot Schematics ------------------ None Fabricated ------------ Nothing Repaired ---------- VSS Leg | 36% | -8/Storage Grenade Launcher | 23% | -8/Storage Mni. Grenade Launcher | 58% | -8/Storage Alien Tech Used ----------------- None Achievements -------------- I Spy Quick And Dirty Challenges ------------ None Game ------ Seed JammingTripodProtection Manual? 0 Play Time 01:11:40 Cumulative 12.7 hours Start 2025.06.22 @ 06:26:33 End 2025.06.22 @ 12:06:02 Sessions 3 Manual Loads 0 Difficulty Rogue Special Mode None Game No. 16 Rogue 16 Adventurer 0 Explorer 0 Win Type - Total 0 Types 0/0/0/0/0/0/0/0/0/0 Lore% 5 Gallery% 17 Achievement% 15 Wizard Run 0 Options --------- Layout 1 ASCII 0 Keyboard 0 Movement Mouse Keybinds 0 Fullscreen 2 Font 48/Smallcaps Map View 50x35 Zoom Use 0% Tactical HUD 1 Map Filters NONE Filters NONE Steam 0 RUN: b43120f7-27d9-4096-9486-b26a40daacce